 Dungeon Crawl Stone Soup version 0.31.0-32-g396128a36d (webtiles) character file.

Game seed: 17738455525188190464

100 Alphaeus the Ruffian (level 4, -2/29 HPs)
             Began as an Octopode Shapeshifter on Mar 19, 2024.
             Slain by Sigmund
             ... wielding a +0 scythe
              (8 damage)
             ... on level 2 of the Dungeon.
             The game lasted 00:01:52 (1272 turns).

Alphaeus the Ruffian (Octopode Shapeshifter)        Turns: 1272, Time: 00:01:53

Health: -2/29      AC:  1    Str: 15    XL:     4   Next: 73%
Magic:  4/4        EV: 13    Int: 12    God:
Gold:   124        SH:  0    Dex: 11    Spells: 3/3 levels left

rFire   . .          .
                       - Unarmed
rCold   . . .        (no shield)
rNeg    . . .        (helmet currently unavailable)
rPois   .            (no amulet)
rElec   .            (no ring)
rCorr   .            (no ring)
SInv    .            (no ring)
Will    .....        (no ring)
Stlth   ++           (no ring)
HPRegen 0.24/turn    (no ring)
MPRegen 0.09/turn    (no ring)
                     (no ring)

%: no passive effects
@: beast-form
A: beast (slay +2), almost no armour, amphibious, 8 rings, camouflage 1,
gelatinous body 1, (nimble swimmer 1), tentacles
a: Begin Untransformation


You were on level 2 of the Dungeon.
You were a hulking beast.
You visited 1 branch of the dungeon, and saw 2 of its levels.

You collected 124 gold pieces.

Inventory:

Jewellery
 f - a +4 ring of protection
Talismans
 b - a beast talisman
 c - a flux talisman
Scrolls
 a - 2 scrolls of teleportation {unknown}
 d - 2 scrolls of immolation {unknown}
 e - 2 scrolls of identify {unknown}
 g - a scroll of silence {unknown}
 h - a scroll of fear {unknown}
 i - a scroll of butterflies {unknown}
Potions
 j - a potion of berserk rage {unknown}


   Skills:
 + Level 1.7 Fighting
 + Level 2.5 Dodging
 * Level 3.9 Unarmed Combat
 * Level 3.8 Shapeshifting


You had 3 spell levels left.
You didn't know any spells.
Your spell library contained the following spells:

 Spells                   Type           Power      Damage    Failure   Level
 Apportation              Tloc           0%         N/A       32%         1
 Necrotise                Necr           0%         1d4       32%         1
 Sting                    Conj/Alch      0%         1d3       32%         1
 Summon Small Mammal      Summ           0%         N/A       32%         1
 Call Canine Familiar     Summ           0%         N/A       69%         3
 Sigil of Binding         Hex            0%         N/A       69%         3
 Dimensional Bullseye     Hex/Tloc       0%         N/A       97%         4


Dungeon Overview and Level Annotations

Branches:
Dungeon (2/15)

Altars:

Annotations:
D:2 Sigmund


Innate Abilities, Weirdness & Mutations

You are a hulking beast.
Your limbs bulge with bestial killing power. (Slay +2)
You cannot wear most types of armour.
You are amphibious.
You can wear up to eight rings at the same time.
Your skin changes colour to match your surroundings (Stealth+).
Your rubbery body absorbs attacks. (AC +1, EV +1)
((You are camouflaged when in or above water. (Stealth+)))
You have tentacles for arms and can constrict up to eight enemies at once.


Message History

The kobold shouts!
You feel less confused. The dart slug launches a dart at you.
The slug dart misses you.
Sigmund mumbles some strange words.
Sigmund flickers and vanishes!
Deactivating autopickup; reactivate with Ctrl-A.
The kobold hits you with a +0 dagger. The kobold hits you with a +0 dagger.
The kobold attacks as it pursues you! The kobold closely misses you.
The frilled lizard attacks as it pursues you!
The frilled lizard misses you.
You tentacle-slap the frilled lizard but do no damage.
You grab the frilled lizard. You constrict the frilled lizard.
You kill the frilled lizard!
The kobold closely misses you. Something hits you.
The dart slug briefly extends its eye-stalks.
The kobold misses you.
You bludgeon the kobold!
You kill the kobold!
You hear some strange, mumbled words.
A puff of flame appears from out of thin air!
The puff of flame misses you. Something hits you.
Things that are here:
a +0 dagger; 3 stones; a kobold corpse You tentacle-slap something.
You miss something. Something hits you.
You tentacle-slap something.
You hear some strange, mumbled words.
A puff of flame appears from out of thin air!
The puff of flame hits you!
* * * LOW HITPOINT WARNING * * *
You barely miss something. You squeeze something.
The dart slug launches a dart at you.
The slug dart hits something.
You completely miss something. Your squeeze misses something.
Something hits you!
You die...

.##........#..........##
.......................#
#.......### #..........#
.....#....# #..........#
)....#....# #..........#
#.........###..........#
..##.......#....w.....##
..##....#....##.{....##
#...#....)#..###h#####
#.#.##..รท........###
#...###............##
...........#..#.....########
...............)..##...#...##
..<.........###.............##
.............####............#
###.##..........#............#
#.##.....#....#............#


You could see a dart slug.

Vanquished Creatures
  3 adders (D:2)
  3 dart slugs (D:1)
  A ribbon worm (D:2)
  5 ball pythons
  7 bats
  3 endoplasms (D:1)
  5 giant cockroaches
  3 hobgoblins
  4 jackals (D:1)
  4 quokkas
  2 frilled lizards (D:2)
  9 goblins
  4 kobolds
  7 rats
60 creatures vanquished.

Notes
Turn   | Place    | Note
-------+----------+-------------------------------------------
     0 | D:1      | Alphaeus the Octopode Shapeshifter began the quest for the
                  | Orb.
     0 | D:1      | Reached XP level 1. HP: 13/13 MP: 1/1
    61 | D:1      | Reached XP level 2. HP: 14/18 MP: 2/2
   292 | D:1      | Reached XP level 3. HP: 23/23 MP: 3/3
   391 | D:1      | HP: 1/23 [quokka (3)]
   866 | D:2      | Reached XP level 4. HP: 25/28 MP: 4/4
  1246 | D:2      | Noticed Sigmund
  1272 | D:2      | Slain by Sigmund

Illustrated notes

Levels and vault maps discovered:
D:1:      lightli_arrival_quake, layout_rooms, minmay_tromino_v4_b
D:2:      layout_rooms, uniq_sigmund

Action                     |  1- 3 |  4- 6 || total
---------------------------+-------+-------++-------
  Melee: Unarmed           |    81 |    46 ||   127
         Constrict         |    18 |    10 ||    28
         Tentacles         |    13 |     5 ||    18
         Punch             |     2 |     2 ||     4
    Use: Potion            |     1 |       ||     1
   Stab: Sleeping          |     3 |       ||     3
 Armour: Skin              |    60 |    22 ||    82
  Dodge: Dodged            |    46 |    29 ||    75
